 Dungeon Crawl Stone Soup version 0.19.5 (webtiles) character file.

39 equalderp2856 the Scratcher (level 3, 0/18 HPs)
             Began as a Felid Fighter on Mar 29, 2017.
             Succumbed to a worker ant's poison
             ... on level 4 of the Dungeon.
             The game lasted 00:03:19 (1312 turns).

equalderp2856 the Scratcher (Felid Fighter)         Turns: 1312, Time: 00:03:19

Health: 0/18       AC:  1    Str: 13    XL:     3   Next: 26%
Magic:  4/4        EV: 19    Int:  9    God:
Gold:   123        SH:  0    Dex: 15    Spells: 0 memorised, 2 levels left
                                        Lives:  0   Deaths: 0

rFire  . . .     SeeInvis +       - Unarmed
rCold  . . .     Gourm    .     (armour unavailable)
rNeg   . . .     Faith    .     (shield unavailable)
rPois  .         Spirit   .     (helmet unavailable)
rElec  .         Reflect  .     (cloak unavailable)
rCorr  .         Harm     .     (gloves unavailable)
MR     .....                    (boots unavailable)
Stlth  ++........               d - amulet of rage
                                (no ring)
                                f - ring of see invisible

@: lethally poisoned (0 -> -10), quick
A: no armour, no weapons or thrown items, stealth, claws 1, fangs 3, see
invisible, carnivore 3, speed 1, robust 1, shaggy fur 1, slow metabolism 1,
evolution 1, sharp paws
a: Evoke Berserk Rage


You were on level 4 of the Dungeon.
You were completely stuffed.

You visited 1 branch of the dungeon, and saw 3 of its levels.

You collected 123 gold pieces.

Inventory:

Jewellery
 d - an amulet of rage (around neck)
 f - a ring of see invisible (left paw)
 h - an uncursed amulet of rage
Scrolls
 c - a scroll of recharging {unknown}
 e - a scroll of teleportation {unknown}
 i - a scroll of remove curse {unknown}
Potions
 a - a potion of might
Comestibles
 b - a meat ration


   Skills:
 + Level 3.1 Fighting
 + Level 4.4 Dodging
 + Level 1.1 Stealth
 + Level 4.6 Unarmed Combat
 + Level 0.2 Evocations


You had 2 spell levels left.
You didn't know any spells.

Dungeon Overview and Level Annotations

Branches:
Dungeon (2/15)

Altars:


Innate Abilities, Weirdness & Mutations

You cannot wear armour.
You are incapable of wielding weapons or throwing items.
Your paws allow you to move quietly. (Stealth)
You have sharp claws.
You have razor-sharp teeth.
You have supernaturally acute eyesight. (SInv)
You are carnivorous and can eat meat at any time.
You cover ground quickly.
You are covered in fur. (AC +1)
You have a slow metabolism.
Your sharp claws are effective at attacking unaware monsters.
You are robust. (+10% HP)
You evolve.


Message History

You fall through a shaft for 2 floors!
The shaft crumbles and collapses.
You hear the sound of rushing water.
There is an entrance to a sewer on this level.
Hurry and find it before the portal rusts away!
Found a scroll labeled GIWKUL DATOST.
A worker ant comes into view.
The worker ant twitches its antennae in your direction.
The worker ant barely misses you.
You scratch the worker ant.
The worker ant is lightly wounded.
The worker ant bites you!
You are lethally poisoned!
The worker ant poisons you!
It was a potion of mutation.
You feel extremely strange.
You feel robust.
You feel nature experimenting on you.
Don't worry, failures die fast.
You feel sick. The worker ant bites you!
* * * LOW HITPOINT WARNING * * *
Okay, then.
You die...

#.....# #.....#
#.....# #.....#
#.....# #.....#
#...a.# #.....#
#...@.###########
#...............#
#...............#
+...............#
#...............#
#...............#
#..?............#
#...............#
#...............#


You could see a worker ant.

Vanquished Creatures
  2 dart slugs
  A giant cockroach (D:1)
  3 goblins (D:1)
  2 hobgoblins
  10 jackals
  A bat (D:2)
  5 frilled lizards (D:1)
  4 kobolds (D:1)
  4 rats
32 creatures vanquished.

Notes
Turn   | Place    | Note
-------+----------+-------------------------------------------
     0 | D:1      | equalderp2856 the Felid Fighter began the quest for the Orb.
     0 | D:1      | Reached XP level 1. HP: 10/10 MP: 2/2
   311 | D:1      | Reached XP level 2. HP: 14/14 MP: 3/3
   949 | D:1      | Reached XP level 3. HP: 17/17 MP: 4/4
  1190 | D:2      | Reached skill level 1 in Stealth
  1302 | D:2      | You fall through a shaft for 2 floors!
  1311 | D:4      | Gained mutation: You are robust. (+10% HP) [potion of mutation]
  1311 | D:4      | Gained mutation: You evolve. [potion of mutation]
  1312 | D:4      | Succumbed to a worker ant's poison

Skill      XL: |  1  2  3 |
---------------+----------+-----
Stealth        | 1 |  1.1
Fighting       | |  3.1
Dodging        | |  4.4
Unarmed Combat | |  4.6
Evocations     | |  0.2

Action                   || total
-------------------------++-------
Melee: Unarmed           ||    83
       Bite              ||     4
       Punch             ||     1
 Abil: Evoke Berserk Rag ||     1
  Use: Potion            ||     1
 Stab: Sleeping          ||     4
  Eat: Chunk             ||     9
Armor: Skin              ||     5
Dodge: Dodged            ||    82
